Senateurs vs Sabres
(R1)
Created - February 18, 2024 at 22:23
Goals
|
| Senateurs |
0 |
2 |
2 |
4 |
| Sabres |
1 |
0 |
2 |
3 |
|
Shots
|
| Senateurs |
5 |
8 |
11 |
24 |
| Sabres |
20 |
8 |
11 |
39 |
|
1st period
1. Sabres , Sam Gagner 9 (Kevin Shattenkirk 22, Hampus Lindholm 45) at 15:17
Penalties :
Dennis Everberg (Ott) for High sticking (Minor) at 9:48, Eric Gelinas (Ott) for Holding (Minor) at 11:18, Eric Gelinas (Ott) for Holding (Minor) at 15:52, Jordan Martinook (Ott) for Hooking (Minor) at 19:56
2nd period
2. Senateurs , Eric Gelinas 5 (David Backes 41, Derick Brassard 30) at 7:49 (PP)
3. Senateurs , Nick Bjugstad 16 (Mark Stuart 6, Derick Brassard 31) at 19:43 (PP)
Penalties :
Nikita Zaitsev (Buf) for Hooking (Minor) at 3:48, Michael Matheson (Buf) for Hooking (Minor) at 7:43, Drew Miller (Buf) for Roughing (Minor) at 11:58, Nino Niederreiter (Buf) for Hooking (Minor) at 19:21
3rd period
4. Senateurs , David Backes 26 (Erik Gudbranson 18, Martin Jones) at 0:41 (PP)
5. Senateurs , David Backes 27 (Eric Gelinas 17, Derick Brassard 32) at 3:58 (PP)
6. Sabres , Joe Pavelski 8 (Timo Meier 9, Nikita Zaitsev 6) at 9:46
7. Sabres , Jamie Arniel 9 (Nikita Zaitsev 7, Drew Miller 2) at 11:02
Penalties :
Joe Pavelski (Buf) for Unsportsmanlike conduct (Minor) at 0:31, Joe Pavelski (Buf) for Slashing (Minor) at 3:47, Tim Schaller (Ott) for Hooking (Minor) at 12:57, Drew Miller (Buf) for Hooking (Minor) at 15:19
Goalie Stats
Martin Jones (Ott), 36 saves from 39 shots - (0.923), W, 20-18-4, 60:00 minutes
John Gibson (Buf), 13 saves from 17 shots - (0.765), L, 23-17-4, 43:58 minutes
Cam Talbot (Buf), 7 saves from 7 shots - (1.000), 14:47 minutes
Players Stats for Senateurs
Player Name G A P +/- PIM S H SB GA TA FO MP PP MP PK MP
------------------------------------------------------------------------------------
Brandon Sutter 0 0 0 0 0 0 0 0 1 2 8/12 17:14 2:32 3:03
Braydon Coburn 0 0 0 -1 0 0 0 0 0 0 0/0 10:48 0:09 1:37
David Backes 2 1 3 0 0 3 1 1 0 0 0/2 19:10 4:14 0:00
Dennis Everberg 0 0 0 -1 2 0 1 0 0 0 0/0 7:22 0:00 0:20
Derick Brassard 0 3 3 0 0 2 3 2 0 0 1/2 24:19 4:14 5:09
Eric Gelinas 1 1 2 -1 4 2 5 3 0 2 0/0 24:55 3:06 2:53
Erik Gudbranson 0 1 1 -1 0 0 1 2 0 1 0/0 27:21 3:06 5:35
Jordan Martinook 0 0 0 0 2 2 2 1 0 0 0/0 16:58 2:32 2:26
Ladislav Smid 0 0 0 -1 0 2 1 1 1 2 0/0 24:15 3:31 5:04
Mark Stuart 0 1 1 -1 0 1 2 2 0 0 0/0 23:17 3:31 3:40
Michael Frolik 0 0 0 0 0 1 2 1 0 0 0/0 15:55 2:32 1:25
Nick Bjugstad 1 0 1 0 0 2 3 3 0 0 18/42 24:49 4:14 5:28
Pierre-Edouard Bellemare 0 0 0 -2 0 1 0 0 0 1 3/5 9:56 0:00 0:11
Riley Sheahan 0 0 0 -2 0 0 0 1 1 0 1/1 9:37 0:00 0:00
Rostislav Olesz 0 0 0 -2 0 5 2 0 0 0 0/0 10:06 0:00 0:21
Taylor Chorney 0 0 0 -1 0 0 0 0 0 0 0/0 9:39 0:09 0:02
Tim Schaller 0 0 0 -1 2 2 2 0 0 1 0/0 7:16 0:00 0:00
Tomas Nosek 0 0 0 -1 0 1 0 1 0 0 1/2 7:03 0:00 0:00
Players Stats for Sabres
Player Name G A P +/- PIM S H SB GA TA FO MP PP MP PK MP
------------------------------------------------------------------------------------
Ben Hutton 0 0 0 0 0 3 0 0 0 1 0/0 13:55 0:00 0:44
Brian Ferlin 0 0 0 1 0 2 1 0 0 0 1/1 13:04 0:00 4:13
Drew Miller 0 1 1 1 4 0 0 0 0 0 0/0 9:31 0:00 0:45
Evgeni Malkin 0 0 0 0 0 3 1 0 0 0 22/34 21:24 5:19 0:17
Hampus Lindholm 0 1 1 1 0 0 3 2 1 0 0/0 27:29 5:47 4:20
Jamie Arniel 1 0 1 1 0 2 1 1 0 0 4/11 12:35 0:00 4:24
Joe Pavelski 1 0 1 1 4 2 0 0 0 0 0/0 13:55 3:39 0:00
Kevin Shattenkirk 0 1 1 1 0 3 2 2 0 0 0/0 27:29 5:47 4:20
Kyle Okposo 0 0 0 1 0 0 1 0 1 1 0/1 11:15 0:02 1:44
Logan Couture 0 0 0 1 0 2 0 0 0 0 3/10 14:25 4:05 0:00
Michael Matheson 0 0 0 0 2 1 0 0 0 0 0/0 12:33 0:00 0:00
Nate Schmidt 0 0 0 2 0 0 1 0 1 1 0/0 19:57 3:39 2:26
Nikita Zaitsev 0 2 2 2 2 2 0 1 0 0 0/0 15:24 0:00 1:42
Nino Niederreiter 0 0 0 0 2 4 3 0 1 0 0/1 20:57 5:19 0:28
Sam Gagner 1 0 1 1 0 6 2 0 3 0 0/0 13:00 4:05 0:00
Timo Meier 0 1 1 1 0 2 2 0 0 0 1/1 14:25 4:05 0:00
Tyler Johnson 0 0 0 0 0 6 0 0 2 0 0/1 20:37 5:21 0:00
William Karlsson 0 0 0 1 0 1 1 0 0 0 3/6 11:12 0:02 1:41
3 Stars
1 - David Backes (Ott)
2 - Derick Brassard (Ott)
3 - Nick Bjugstad (Ott)
Power Play
Senateurs - 4 on 7 Attempt(s) - 57.14%
Sabres - 0 on 5 Attempt(s) - 0.00%
Penalty Kill
Senateurs - 5 on 5 Attempt(s) - 100.00%
- Score 0 goal in Penalty Kill
Sabres - 3 on 7 Attempt(s) - 42.86%
- Score 0 goal in Penalty Kill
Team Stat
Senateurs - Hits : 25 - Faceoff Wins : 32 - Blocked Shots : 18 - Penalty Minutes : 10
Sabres - Hits : 18 - Faceoff Wins : 34 - Blocked Shots : 6 - Penalty Minutes : 14
Official
Referees : Kelly Sutherland and Trevor Hanson
Linesman : Libor Suchanek and Kyle Flemington
Game Notes
Cam Talbot enters game at 3:58 of 3rd period
Finance
Level 1 -- Attendance: 12800 (40.00%) -- Ticket Income $1,280,000
Level 2 -- Attendance: 5000 (100.00%) -- Ticket Income $300,000
Level 3 -- Attendance: 2000 (100.00%) -- Ticket Income $70,000
Level 4 -- Attendance: 4000 (100.00%) -- Ticket Income $100,000
Luxury Box -- Attendance: 1000 (100.00%) -- Ticket Income $200,000
Game was played at the Key Bank Center.
Total Attendance: 24800 (56.36%)
Total Ticket Income: $1,950,000
Other Income: $292,500
Total Income: $2,242,500
Senateurs
5 vs 5 Forward
Center Left Wing Right Wing Time % Phy DF OF
1 Nick Bjugstad Derick Brassard David Backes 45 1 2 2
2 Brandon Sutter Jordan Martinook Michael Frolik 30 1 2 2
3 Pierre-Edouard Bellemare Rostislav Olesz Riley Sheahan 15 1 2 2
4 Tomas Nosek Tim Schaller Dennis Everberg 10 1 2 2
5 vs 5 Defense
Defense Defense Time % Phy DF OF
1 Erik Gudbranson Eric Gelinas 45 1 2 2
2 Mark Stuart Ladislav Smid 30 1 2 2
3 Braydon Coburn Taylor Chorney 15 1 2 2
4 Erik Gudbranson Eric Gelinas 10 1 2 2
PowerPlay Forward
Center Left Wing Right Wing Time % Phy DF OF
1 Nick Bjugstad Derick Brassard David Backes 60 1 2 2
2 Brandon Sutter Jordan Martinook Michael Frolik 40 1 2 2
PowerPlay Defense
Defense Defense Time % Phy DF OF
1 Erik Gudbranson Eric Gelinas 60 1 2 2
2 Mark Stuart Ladislav Smid 40 1 2 2
Penalty Kill 4 Players Forward
Center Wing Time % Phy DF OF
1 Nick Bjugstad Derick Brassard 60 1 2 2
2 Brandon Sutter Jordan Martinook 40 1 2 2
Penalty Kill 4 Players Defense
Defense Defense Time % Phy DF OF
1 Erik Gudbranson Eric Gelinas 60 1 2 2
2 Mark Stuart Ladislav Smid 40 1 2 2
Penalty Kill - 3 Players Forward
Forward Time % Phy DF OF
1 Nick Bjugstad 60 1 2 2
2 Brandon Sutter 40 1 2 2
Penalty Kill - 3 Players Defense
Defense Defense Time % Phy DF OF
1 Erik Gudbranson Eric Gelinas 60 1 2 2
2 Mark Stuart Ladislav Smid 40 1 2 2
4 vs 4 Forward
Center Wing Time % Phy DF OF
1 Nick Bjugstad Derick Brassard 60 1 2 2
2 Brandon Sutter Jordan Martinook 40 1 2 2
4 vs 4 Defense
Defense Defense Time % Phy DF OF
1 Erik Gudbranson Eric Gelinas 60 1 2 2
2 Mark Stuart Ladislav Smid 40 1 2 2
Last Minutes Offensive
Center Left Wing Right Wing Defense Defense
Nick Bjugstad Derick Brassard David Backes Erik Gudbranson Eric Gelinas
Last Minutes Defensive
Center Left Wing Right Wing Defense Defense
Nick Bjugstad Derick Brassard David Backes Erik Gudbranson Eric Gelinas
Goaltenders
Starting : Martin Jones
Backup : Jaroslav Halak
Extra Forwards
Normal : Michael Frolik, Riley Sheahan, Pierre-Edouard Bellemare - PP : Michael Frolik, Riley Sheahan - PK : Michael Frolik
Extra Defensemen
Normal : Ladislav Smid, Braydon Coburn, Taylor Chorney - PP : Ladislav Smid - PK : Ladislav Smid, Braydon Coburn
Penalty Shots
Nick Bjugstad, Derick Brassard, Brandon Sutter, David Backes, Michael Frolik
Custom OT Lines Forwards
Nick Bjugstad, Derick Brassard, Brandon Sutter, David Backes, Michael Frolik, Riley Sheahan, Pierre-Edouard Bellemare, Jordan Martinook, Rostislav Olesz, Dennis Everberg
Custom OT Lines Defensemen
Erik Gudbranson, Eric Gelinas, Mark Stuart, Ladislav Smid, Braydon Coburn
Scratches
Dmitry Sinitsyn (Healthy), Kyle Rau (Healthy)
Sabres
5 vs 5 Forward
Center Left Wing Right Wing Time % Phy DF OF
1 Evgeni Malkin Nino Niederreiter Tyler Johnson 40 1 2 2
2 Logan Couture Timo Meier Joe Pavelski 30 1 2 2
3 William Karlsson Sam Gagner Kyle Okposo 20 1 2 2
4 Jamie Arniel Drew Miller Brian Ferlin 10 1 2 2
5 vs 5 Defense
Defense Defense Time % Phy DF OF
1 Kevin Shattenkirk Hampus Lindholm 40 1 2 2
2 Nate Schmidt Nikita Zaitsev 35 1 2 2
3 Michael Matheson Ben Hutton 25 1 2 2
4 Kevin Shattenkirk Hampus Lindholm 0 1 2 2
PowerPlay Forward
Center Left Wing Right Wing Time % Phy DF OF
1 Evgeni Malkin Nino Niederreiter Tyler Johnson 60 1 2 2
2 Logan Couture Sam Gagner Timo Meier 40 1 2 2
PowerPlay Defense
Defense Defense Time % Phy DF OF
1 Kevin Shattenkirk Hampus Lindholm 60 1 2 2
2 Nate Schmidt Joe Pavelski 40 1 2 2
Penalty Kill 4 Players Forward
Center Wing Time % Phy DF OF
1 Jamie Arniel Brian Ferlin 60 1 2 2
2 William Karlsson Drew Miller 40 1 2 2
Penalty Kill 4 Players Defense
Defense Defense Time % Phy DF OF
1 Kevin Shattenkirk Hampus Lindholm 60 1 2 2
2 Nate Schmidt Nikita Zaitsev 40 1 2 2
Penalty Kill - 3 Players Forward
Forward Time % Phy DF OF
1 Jamie Arniel 60 1 2 2
2 William Karlsson 40 1 2 2
Penalty Kill - 3 Players Defense
Defense Defense Time % Phy DF OF
1 Kevin Shattenkirk Hampus Lindholm 60 1 2 2
2 Nate Schmidt Nikita Zaitsev 40 1 2 2
4 vs 4 Forward
Center Wing Time % Phy DF OF
1 Tyler Johnson Nino Niederreiter 60 1 2 2
2 Evgeni Malkin Kyle Okposo 40 1 2 2
4 vs 4 Defense
Defense Defense Time % Phy DF OF
1 Kevin Shattenkirk Hampus Lindholm 60 1 2 2
2 Nate Schmidt Nikita Zaitsev 40 1 2 2
Last Minutes Offensive
Center Left Wing Right Wing Defense Defense
Evgeni Malkin Nino Niederreiter Tyler Johnson Kevin Shattenkirk Hampus Lindholm
Last Minutes Defensive
Center Left Wing Right Wing Defense Defense
Evgeni Malkin Nino Niederreiter Tyler Johnson Kevin Shattenkirk Hampus Lindholm
Goaltenders
Starting : John Gibson
Backup : Cam Talbot
Extra Forwards
Normal : Joe Pavelski, Nino Niederreiter, Evgeni Malkin - PP : Kyle Okposo, William Karlsson - PK : Kyle Okposo
Extra Defensemen
Normal : Michael Matheson, Hampus Lindholm, Kevin Shattenkirk - PP : Michael Matheson - PK : Ben Hutton, Nate Schmidt
Penalty Shots
Tyler Johnson, Nino Niederreiter, Evgeni Malkin, Kyle Okposo, Sam Gagner
Custom OT Lines Forwards
Tyler Johnson, Nino Niederreiter, Evgeni Malkin, Kyle Okposo, Sam Gagner, Logan Couture, Joe Pavelski, Brian Ferlin, Drew Miller, Jamie Arniel
Custom OT Lines Defensemen
Kevin Shattenkirk, Hampus Lindholm, Nate Schmidt, Nikita Zaitsev, Michael Matheson
Scratches
None
% Time on Ice - Senateurs
Lines # - Real PCT - Wanted PCT - Time Play
Normal Forward
1 - 34% - 45% - 14:22
2 - 27% - 30% - 11:39
3 - 23% - 15% - 9:37
4 - 17% - 10% - 7:03
Normal Defense
1 - 44% - 45% - 18:41
2 - 34% - 30% - 14:36
3 - 20% - 15% - 8:31
4 - 2% - 10% - 0:53
PP Forward
1 - 63% - 60% - 4:14
2 - 37% - 40% - 2:32
PP Defense
1 - 48% - 60% - 3:15
2 - 52% - 40% - 3:31
PK Forward
1 - 67% - 60% - 6:01
2 - 33% - 40% - 2:56
PK Defense
1 - 65% - 60% - 5:47
2 - 35% - 40% - 3:10
PK3 Forward
1 - 100% - 60% - 0:29
2 - 0% - 40% - 0:00
PK3 Defense
1 - 100% - 60% - 0:29
2 - 0% - 40% - 0:00
44 Forward
1 - 0% - 60%
2 - 0% - 40%
44 Defense
1 - 0% - 60%
2 - 0% - 40%
Last Minute Offensive - 0:00
Last Minute Defensive - 1:07
Total
Forward - 60:00
Defense - 60:00
|
% Time on Ice - Sabres
Lines # - Real PCT - Wanted PCT - Time Play
Normal Forward
1 - 36% - 40% - 15:13
2 - 26% - 30% - 10:57
3 - 21% - 20% - 8:47
4 - 18% - 10% - 7:40
Normal Defense
1 - 41% - 40% - 17:22
2 - 33% - 35% - 13:52
3 - 27% - 25% - 11:23
4 - 0% - 0% - 0:00
PP Forward
1 - 57% - 60% - 5:21
2 - 43% - 40% - 4:05
PP Defense
1 - 61% - 60% - 5:47
2 - 39% - 40% - 3:39
PK Forward
1 - 75% - 60% - 5:05
2 - 25% - 40% - 1:41
PK Defense
1 - 64% - 60% - 4:20
2 - 36% - 40% - 2:26
PK3 Forward
1 - 0% - 60%
2 - 0% - 40%
PK3 Defense
1 - 0% - 60%
2 - 0% - 40%
44 Forward
1 - 0% - 60%
2 - 0% - 40%
44 Defense
1 - 0% - 60%
2 - 0% - 40%
Last Minute Offensive - 1:11
Last Minute Defensive - 0:00
Total
Forward - 60:00
Defense - 60:00
|
Play-by-Play
1st period
0:01 of 1st period - Evgeni Malkin wins face-off versus Nick Bjugstad in neutral zone.
0:06 of 1st period - Wrist shot by Tyler Johnson.
0:06 of 1st period - Stopped by Martin Jones with a rebound.
0:26 of 1st period - Brandon Sutter is hit by Timo Meier and loses puck.
0:31 of 1st period - Wrist shot by Timo Meier.
0:31 of 1st period - Stopped by Martin Jones with a rebound.
0:49 of 1st period - Off-side.
0:50 of 1st period - William Karlsson wins face-off versus Pierre-Edouard Bellemare in neutral zone.
1:13 of 1st period - Backhand shot by Rostislav Olesz.
1:13 of 1st period - Stopped by John Gibson with a rebound.
1:31 of 1st period - Slapshot by Kyle Okposo.
1:31 of 1st period - Shot Misses the Net.
1:33 of 1st period - Slapshot by Ben Hutton.
1:33 of 1st period - Stopped by Martin Jones with a rebound.
1:35 of 1st period - Slapshot by Sam Gagner.
1:35 of 1st period - Shot Blocked by Riley Sheahan.
1:55 of 1st period - Snap shot by William Karlsson.
1:55 of 1st period - Stopped by Martin Jones with a rebound.
1:57 of 1st period - Slapshot by Ben Hutton.
1:57 of 1st period - Shot Misses the Net.
2:07 of 1st period - Wrist shot by Sam Gagner.
2:07 of 1st period - Shot Misses the Net.
2:09 of 1st period - Wrist shot by Michael Matheson.
2:09 of 1st period - Deflect By Ladislav Smid.
2:09 of 1st period - Stopped by Martin Jones without a rebound.
2:10 of 1st period - Nick Bjugstad wins face-off versus Evgeni Malkin in Senateurs zone.
2:10 of 1st period - Nick Bjugstad is hit by Nino Niederreiter.
2:18 of 1st period - Nino Niederreiter is hit by Derick Brassard and loses puck.
3:02 of 1st period - Tim Schaller is hit by Brian Ferlin and loses puck.
3:30 of 1st period - Snap shot by Nino Niederreiter.
3:30 of 1st period - Stopped by Martin Jones with a rebound.
4:43 of 1st period - Snap shot by Sam Gagner.
4:43 of 1st period - Stopped by Martin Jones without a rebound.
4:44 of 1st period - Brandon Sutter wins face-off versus Kyle Okposo in Senateurs zone.
5:00 of 1st period - Wrist shot by Jordan Martinook.
5:00 of 1st period - Stopped by John Gibson with a rebound.
5:40 of 1st period - Snap shot by Tim Schaller.
5:40 of 1st period - Shot Blocked by Hampus Lindholm.
5:58 of 1st period - Snap shot by Jordan Martinook.
5:58 of 1st period - Shot Misses the Net.
6:00 of 1st period - Snap shot by Taylor Chorney.
6:00 of 1st period - Shot Misses the Net.
6:02 of 1st period - Wrist shot by Jordan Martinook.
6:02 of 1st period - Shot Misses the Net.
6:04 of 1st period - Snap shot by Michael Frolik.
6:04 of 1st period - Deflect By Brandon Sutter.
6:04 of 1st period - Shot Misses the Net.
6:04 of 1st period - Puck is out of play.
6:05 of 1st period - Evgeni Malkin wins face-off versus Nick Bjugstad in Sabres zone.
6:05 of 1st period - Evgeni Malkin is hit by Ladislav Smid.
6:52 of 1st period - Braydon Coburn is hit by Jamie Arniel and loses puck.
8:29 of 1st period - Slapshot by Sam Gagner.
8:29 of 1st period - Stopped by Martin Jones with a rebound.
8:31 of 1st period - Slapshot by Kevin Shattenkirk.
8:31 of 1st period - Stopped by Martin Jones with a rebound.
8:33 of 1st period - Slapshot by Hampus Lindholm.
8:33 of 1st period - Shot Misses the Net.
9:07 of 1st period - Braydon Coburn is hit by Timo Meier and loses puck.
9:38 of 1st period - Snap shot by David Backes.
9:38 of 1st period - Stopped by John Gibson with a rebound.
9:48 of 1st period - Minor Penalty to Dennis Everberg for High sticking.
9:49 of 1st period - Nick Bjugstad wins face-off versus Nino Niederreiter in Senateurs zone.
10:06 of 1st period - Snap shot by Tyler Johnson.
10:06 of 1st period - Stopped by Martin Jones without a rebound.
10:07 of 1st period - Logan Couture wins face-off versus Nick Bjugstad in Senateurs zone.
10:10 of 1st period - Wrist shot by Logan Couture.
10:10 of 1st period - Shot Misses the Net.
10:41 of 1st period - Icing by Evgeni Malkin.
10:42 of 1st period - Brandon Sutter wins face-off versus Evgeni Malkin in Sabres zone.
10:53 of 1st period - Kevin Shattenkirk is hit by Derick Brassard.
11:13 of 1st period - Wrist shot by Tyler Johnson.
11:13 of 1st period - Shot Blocked by Mark Stuart.
11:15 of 1st period - Snap shot by Nino Niederreiter.
11:15 of 1st period - Stopped by Martin Jones without a rebound.
11:16 of 1st period - Nick Bjugstad wins face-off versus Logan Couture in Senateurs zone.
11:18 of 1st period - Minor Penalty to Eric Gelinas for Holding.
11:19 of 1st period - Evgeni Malkin wins face-off versus Nick Bjugstad in Senateurs zone.
11:23 of 1st period - Snap shot by Evgeni Malkin.
11:23 of 1st period - Stopped by Martin Jones without a rebound.
11:24 of 1st period - Nick Bjugstad wins face-off versus Evgeni Malkin in Senateurs zone.
11:48 of 1st period - Penalty to Dennis Everberg is over, Dennis Everberg is back on ice.
12:32 of 1st period - Joe Pavelski is hit by Jordan Martinook and loses puck.
13:18 of 1st period - Penalty to Eric Gelinas is over, Eric Gelinas is back on ice.
13:29 of 1st period - Nate Schmidt is hit by Rostislav Olesz and loses puck.
13:50 of 1st period - Erik Gudbranson is hit by Kyle Okposo and loses puck.
13:55 of 1st period - Wrist shot by Sam Gagner.
13:55 of 1st period - Stopped by Martin Jones with a rebound.
14:07 of 1st period - Logan Couture is hit by Eric Gelinas and loses puck.
14:26 of 1st period - Ben Hutton is hit by Nick Bjugstad and loses puck.
14:42 of 1st period - Icing by Mark Stuart.
14:43 of 1st period - William Karlsson wins face-off versus Pierre-Edouard Bellemare in Senateurs zone.
14:46 of 1st period - Slapshot by Kevin Shattenkirk.
14:46 of 1st period - Stopped by Martin Jones without a rebound.
14:47 of 1st period - Pierre-Edouard Bellemare wins face-off versus William Karlsson in Senateurs zone.
14:52 of 1st period - Snap shot by Mark Stuart.
14:52 of 1st period - Stopped by John Gibson with a rebound.
14:58 of 1st period - Sam Gagner is hit by Rostislav Olesz and loses puck.
15:15 of 1st period - Slapshot by Hampus Lindholm.
15:15 of 1st period - Shot Misses the Net.
15:17 of 1st period - Slapshot by Kevin Shattenkirk.
15:17 of 1st period - Deflect By Sam Gagner.
15:17 of 1st period - Goal by Sam Gagner - Senateurs : 0 - Sabres : 1.
15:18 of 1st period - Evgeni Malkin wins face-off versus Nick Bjugstad in neutral zone.
15:25 of 1st period - Snap shot by Evgeni Malkin.
15:25 of 1st period - Shot Blocked by Eric Gelinas.
15:27 of 1st period - Slapshot by Nikita Zaitsev.
15:27 of 1st period - Stopped by Martin Jones without a rebound.
15:28 of 1st period - Evgeni Malkin wins face-off versus Nick Bjugstad in Senateurs zone.
15:31 of 1st period - Snap shot by Nino Niederreiter.
15:31 of 1st period - Shot Blocked by David Backes.
15:33 of 1st period - Snap shot by Evgeni Malkin.
15:33 of 1st period - Shot Blocked by Erik Gudbranson.
15:35 of 1st period - Backhand shot by Nikita Zaitsev.
15:35 of 1st period - Shot Misses the Net.
15:37 of 1st period - Slapshot by Nikita Zaitsev.
15:37 of 1st period - Stopped by Martin Jones without a rebound.
15:38 of 1st period - Evgeni Malkin wins face-off versus Nick Bjugstad in Senateurs zone.
15:47 of 1st period - Snap shot by Tyler Johnson.
15:47 of 1st period - Stopped by Martin Jones without a rebound.
15:48 of 1st period - Evgeni Malkin wins face-off versus Nick Bjugstad in Senateurs zone.
15:52 of 1st period - Minor Penalty to Eric Gelinas for Holding.
15:53 of 1st period - Evgeni Malkin wins face-off versus Nick Bjugstad in Senateurs zone.
16:28 of 1st period - Snap shot by Logan Couture.
16:28 of 1st period - Stopped by Martin Jones with a rebound.
16:34 of 1st period - Slapshot by Sam Gagner.
16:34 of 1st period - Stopped by Martin Jones without a rebound.
16:35 of 1st period - Nick Bjugstad wins face-off versus Evgeni Malkin in Senateurs zone.
17:52 of 1st period - Penalty to Eric Gelinas is over, Eric Gelinas is back on ice.
18:06 of 1st period - Brian Ferlin is hit by Dennis Everberg and loses puck.
18:13 of 1st period - Braydon Coburn is hit by Kevin Shattenkirk.
18:17 of 1st period - Kevin Shattenkirk is hit by Tim Schaller and loses puck.
18:41 of 1st period - Tyler Johnson is hit by Eric Gelinas and loses puck.
19:00 of 1st period - Slapshot by Rostislav Olesz.
19:00 of 1st period - Stopped by John Gibson without a rebound.
19:01 of 1st period - Pierre-Edouard Bellemare wins face-off versus Logan Couture in Sabres zone.
19:25 of 1st period - Jamie Arniel is hit by Derick Brassard.
19:32 of 1st period - Off-side.
19:33 of 1st period - Evgeni Malkin wins face-off versus Brandon Sutter in neutral zone.
19:36 of 1st period - Erik Gudbranson is hit by Evgeni Malkin and loses puck.
19:50 of 1st period - Snap shot by Tyler Johnson.
19:50 of 1st period - Shot Blocked by Michael Frolik.
19:56 of 1st period - Minor Penalty to Jordan Martinook for Hooking.
19:57 of 1st period - Evgeni Malkin wins face-off versus Nick Bjugstad in Senateurs zone.
Goals for this period are 0 for Senateurs vs 1 for Sabres.
Shots for this period are 5 for Senateurs vs 20 for Sabres.
2nd period
0:01 of 2nd period - Evgeni Malkin wins face-off versus Nick Bjugstad in neutral zone.
0:04 of 2nd period - Nick Bjugstad is hit by Kevin Shattenkirk and loses puck.
0:27 of 2nd period - Kevin Shattenkirk is hit by Erik Gudbranson.
1:56 of 2nd period - Penalty to Jordan Martinook is over, Jordan Martinook is back on ice.
2:49 of 2nd period - Timo Meier is hit by Nick Bjugstad and loses puck.
3:08 of 2nd period - Backhand shot by Brandon Sutter.
3:08 of 2nd period - Deflect By Michael Frolik.
3:08 of 2nd period - Shot Blocked by Nikita Zaitsev.
3:08 of 2nd period - Puck is out of play.
3:09 of 2nd period - William Karlsson wins face-off versus Brandon Sutter in Sabres zone.
3:14 of 2nd period - Kyle Okposo is hit by Eric Gelinas.
3:48 of 2nd period - Minor Penalty to Nikita Zaitsev for Hooking.
3:49 of 2nd period - Brian Ferlin wins face-off versus Nick Bjugstad in Sabres zone.
4:00 of 2nd period - Backhand shot by Nick Bjugstad.
4:00 of 2nd period - Stopped by John Gibson without a rebound.
4:01 of 2nd period - Nick Bjugstad wins face-off versus Jamie Arniel in Sabres zone.
5:48 of 2nd period - Penalty to Nikita Zaitsev is over, Nikita Zaitsev is back on ice.
5:55 of 2nd period - Brian Ferlin is hit by Eric Gelinas and loses puck.
6:22 of 2nd period - Snap shot by Tim Schaller.
6:22 of 2nd period - Shot Misses the Net.
6:24 of 2nd period - Snap shot by Tomas Nosek.
6:24 of 2nd period - Stopped by John Gibson without a rebound.
6:25 of 2nd period - Logan Couture wins face-off versus Brandon Sutter in Sabres zone.
6:40 of 2nd period - Timo Meier is hit by Mark Stuart and loses puck.
6:51 of 2nd period - Mark Stuart is hit by Sam Gagner and loses puck.
7:00 of 2nd period - Snap shot by Sam Gagner.
7:00 of 2nd period - Stopped by Martin Jones without a rebound.
7:01 of 2nd period - Evgeni Malkin wins face-off versus Nick Bjugstad in Senateurs zone.
7:19 of 2nd period - Icing by Michael Matheson.
7:20 of 2nd period - Brandon Sutter wins face-off versus Evgeni Malkin in Sabres zone.
7:43 of 2nd period - Minor Penalty to Michael Matheson for Hooking.
7:44 of 2nd period - Nick Bjugstad wins face-off versus Jamie Arniel in Sabres zone.
7:47 of 2nd period - Snap shot by David Backes.
7:47 of 2nd period - Shot Blocked by Hampus Lindholm.
7:49 of 2nd period - Wrist shot by Eric Gelinas.
7:49 of 2nd period - Goal by Eric Gelinas - Senateurs : 1 - Sabres : 1.
7:50 of 2nd period - Evgeni Malkin wins face-off versus Nick Bjugstad in neutral zone.
7:59 of 2nd period - Snap shot by Evgeni Malkin.
7:59 of 2nd period - Shot Misses the Net.
8:01 of 2nd period - Slapshot by Kevin Shattenkirk.
8:01 of 2nd period - Shot Misses the Net.
8:03 of 2nd period - Snap shot by Evgeni Malkin.
8:03 of 2nd period - Shot Blocked by Erik Gudbranson.
8:05 of 2nd period - Snap shot by Tyler Johnson.
8:05 of 2nd period - Stopped by Martin Jones without a rebound.
8:06 of 2nd period - Nick Bjugstad wins face-off versus Logan Couture in Senateurs zone.
8:18 of 2nd period - Backhand shot by Kevin Shattenkirk.
8:18 of 2nd period - Shot Blocked by Derick Brassard.
9:12 of 2nd period - Slapshot by Ladislav Smid.
9:12 of 2nd period - Shot Misses the Net.
10:14 of 2nd period - Wrist shot by Jamie Arniel.
10:14 of 2nd period - Stopped by Martin Jones without a rebound.
10:15 of 2nd period - Tomas Nosek wins face-off versus Jamie Arniel in Senateurs zone.
11:58 of 2nd period - Minor Penalty to Drew Miller for Roughing.
11:59 of 2nd period - Jamie Arniel wins face-off versus Nick Bjugstad in Sabres zone.
12:31 of 2nd period - Snap shot by Jordan Martinook.
12:31 of 2nd period - Shot Misses the Net.
12:33 of 2nd period - Wrist shot by Michael Frolik.
12:33 of 2nd period - Stopped by John Gibson with a rebound.
13:56 of 2nd period - Icing by Brandon Sutter.
13:57 of 2nd period - Brandon Sutter wins face-off versus Jamie Arniel in Senateurs zone.
13:58 of 2nd period - Penalty to Drew Miller is over, Drew Miller is back on ice.
14:28 of 2nd period - Backhand shot by Tim Schaller.
14:28 of 2nd period - Stopped by John Gibson without a rebound.
14:29 of 2nd period - Evgeni Malkin wins face-off versus Tomas Nosek in Sabres zone.
14:42 of 2nd period - Erik Gudbranson is hit by Nino Niederreiter and loses puck.
14:51 of 2nd period - Nikita Zaitsev is hit by Tim Schaller and loses puck.
14:56 of 2nd period - Wrist shot by Tim Schaller.
14:56 of 2nd period - Stopped by John Gibson without a rebound.
14:57 of 2nd period - Nick Bjugstad wins face-off versus Logan Couture in Sabres zone.
15:24 of 2nd period - Michael Frolik is hit by William Karlsson and loses puck.
15:35 of 2nd period - Slapshot by Kevin Shattenkirk.
15:35 of 2nd period - Shot Blocked by Jordan Martinook.
15:37 of 2nd period - Slapshot by Kevin Shattenkirk.
15:37 of 2nd period - Shot Blocked by Mark Stuart.
16:17 of 2nd period - Slapshot by Logan Couture.
16:17 of 2nd period - Stopped by Martin Jones with a rebound.
16:21 of 2nd period - Wrist shot by Joe Pavelski.
16:21 of 2nd period - Stopped by Martin Jones with a rebound.
16:35 of 2nd period - Snap shot by Jamie Arniel.
16:35 of 2nd period - Shot Blocked by Ladislav Smid.
16:39 of 2nd period - Wrist shot by Brian Ferlin.
16:39 of 2nd period - Stopped by Martin Jones with a rebound.
17:06 of 2nd period - Snap shot by William Karlsson.
17:06 of 2nd period - Shot Misses the Net.
17:08 of 2nd period - Slapshot by Ben Hutton.
17:08 of 2nd period - Stopped by Martin Jones with a rebound.
17:44 of 2nd period - Snap shot by Evgeni Malkin.
17:44 of 2nd period - Shot Misses the Net.
17:48 of 2nd period - Snap shot by Tyler Johnson.
17:48 of 2nd period - Deflect By Evgeni Malkin.
17:48 of 2nd period - Stopped by Martin Jones with a rebound.
17:50 of 2nd period - Snap shot by Nikita Zaitsev.
17:50 of 2nd period - Shot Misses the Net.
18:52 of 2nd period - Slapshot by Riley Sheahan.
18:52 of 2nd period - Deflect By Logan Couture.
18:52 of 2nd period - Shot Misses the Net.
18:52 of 2nd period - Puck is out of play.
18:53 of 2nd period - Pierre-Edouard Bellemare wins face-off versus Logan Couture in Sabres zone.
18:58 of 2nd period - Wrist shot by Rostislav Olesz.
18:58 of 2nd period - Stopped by John Gibson without a rebound.
18:59 of 2nd period - Evgeni Malkin wins face-off versus David Backes in Sabres zone.
18:59 of 2nd period - Evgeni Malkin is hit by David Backes.
19:21 of 2nd period - Minor Penalty to Nino Niederreiter for Hooking.
19:22 of 2nd period - Nick Bjugstad wins face-off versus Jamie Arniel in Sabres zone.
19:25 of 2nd period - Slapshot by Derick Brassard.
19:25 of 2nd period - Deflect By Nick Bjugstad.
19:25 of 2nd period - Shot Blocked by Kevin Shattenkirk.
19:25 of 2nd period - Puck is out of play.
19:26 of 2nd period - Jamie Arniel wins face-off versus Nick Bjugstad in Sabres zone.
19:43 of 2nd period - Slapshot by Mark Stuart.
19:43 of 2nd period - Deflect By Nick Bjugstad.
19:43 of 2nd period - Goal by Nick Bjugstad - Senateurs : 2 - Sabres : 1.
19:44 of 2nd period - Nick Bjugstad wins face-off versus Evgeni Malkin in neutral zone.
Goals for this period are 2 for Senateurs vs 0 for Sabres.
Shots for this period are 8 for Senateurs vs 8 for Sabres.
3rd period
0:01 of 3rd period - Nick Bjugstad wins face-off versus Evgeni Malkin in neutral zone.
0:17 of 3rd period - Slapshot by Eric Gelinas.
0:17 of 3rd period - Stopped by John Gibson without a rebound.
0:18 of 3rd period - Brandon Sutter wins face-off versus Logan Couture in Sabres zone.
0:31 of 3rd period - Minor Penalty to Joe Pavelski for Unsportsmanlike conduct.
0:32 of 3rd period - Jamie Arniel wins face-off versus Nick Bjugstad in Sabres zone.
0:41 of 3rd period - Wrist shot by David Backes.
0:41 of 3rd period - Goal by David Backes - Senateurs : 3 - Sabres : 1.
0:42 of 3rd period - Evgeni Malkin wins face-off versus Nick Bjugstad in neutral zone.
0:48 of 3rd period - Wrist shot by Evgeni Malkin.
0:48 of 3rd period - Stopped by Martin Jones without a rebound.
0:49 of 3rd period - Nick Bjugstad wins face-off versus Evgeni Malkin in Senateurs zone.
0:53 of 3rd period - Off-side.
0:54 of 3rd period - Evgeni Malkin wins face-off versus Nick Bjugstad in neutral zone.
1:21 of 3rd period - Hampus Lindholm is hit by Michael Frolik and loses puck.
1:36 of 3rd period - Jordan Martinook is hit by Hampus Lindholm and loses puck.
2:18 of 3rd period - Wrist shot by David Backes.
2:18 of 3rd period - Shot Misses the Net.
2:54 of 3rd period - Snap shot by Timo Meier.
2:54 of 3rd period - Deflect By Taylor Chorney.
2:54 of 3rd period - Shot Misses the Net.
2:54 of 3rd period - Puck is out of play.
2:55 of 3rd period - Logan Couture wins face-off versus Brandon Sutter in Senateurs zone.
3:07 of 3rd period - Off-side.
3:08 of 3rd period - Nick Bjugstad wins face-off versus Evgeni Malkin in neutral zone.
3:19 of 3rd period - Wrist shot by Nino Niederreiter.
3:19 of 3rd period - Shot Blocked by Eric Gelinas.
3:47 of 3rd period - Minor Penalty to Joe Pavelski for Slashing.
3:48 of 3rd period - Nick Bjugstad wins face-off versus Jamie Arniel in Sabres zone.
3:54 of 3rd period - Wrist shot by Derick Brassard.
3:54 of 3rd period - Stopped by John Gibson with a rebound.
3:56 of 3rd period - Slapshot by Eric Gelinas.
3:56 of 3rd period - Shot Blocked by Jamie Arniel.
3:58 of 3rd period - Slapshot by David Backes.
3:58 of 3rd period - Goal by David Backes - Senateurs : 4 - Sabres : 1.
3:58 of 3rd period - Cam Talbot enters game.
3:59 of 3rd period - Evgeni Malkin wins face-off versus Nick Bjugstad in neutral zone.
4:05 of 3rd period - Icing by David Backes.
4:06 of 3rd period - Derick Brassard wins face-off versus Evgeni Malkin in Senateurs zone.
4:11 of 3rd period - Snap shot by Nino Niederreiter.
4:11 of 3rd period - Stopped by Martin Jones without a rebound.
4:12 of 3rd period - Nick Bjugstad wins face-off versus Evgeni Malkin in Senateurs zone.
4:23 of 3rd period - Wrist shot by Evgeni Malkin.
4:23 of 3rd period - Shot Misses the Net.
4:25 of 3rd period - Snap shot by Tyler Johnson.
4:25 of 3rd period - Shot Blocked by Eric Gelinas.
4:27 of 3rd period - Snap shot by Tyler Johnson.
4:27 of 3rd period - Stopped by Martin Jones without a rebound.
4:28 of 3rd period - Brandon Sutter wins face-off versus Logan Couture in Senateurs zone.
4:28 of 3rd period - Brandon Sutter is hit by Nate Schmidt.
4:55 of 3rd period - Erik Gudbranson is hit by Nino Niederreiter and loses puck.
5:18 of 3rd period - Snap shot by Kevin Shattenkirk.
5:18 of 3rd period - Stopped by Martin Jones without a rebound.
5:19 of 3rd period - Riley Sheahan wins face-off versus William Karlsson in Senateurs zone.
5:42 of 3rd period - Snap shot by Rostislav Olesz.
5:42 of 3rd period - Stopped by Cam Talbot with a rebound.
5:44 of 3rd period - Wrist shot by Rostislav Olesz.
5:44 of 3rd period - Stopped by Cam Talbot with a rebound.
5:46 of 3rd period - Slapshot by Ladislav Smid.
5:46 of 3rd period - Deflect By Nino Niederreiter.
5:46 of 3rd period - Stopped by Cam Talbot with a rebound.
6:01 of 3rd period - Snap shot by Pierre-Edouard Bellemare.
6:01 of 3rd period - Shot Misses the Net.
6:03 of 3rd period - Snap shot by Pierre-Edouard Bellemare.
6:03 of 3rd period - Stopped by Cam Talbot without a rebound.
6:04 of 3rd period - Timo Meier wins face-off versus Nick Bjugstad in Sabres zone.
6:30 of 3rd period - Erik Gudbranson is hit by Hampus Lindholm and loses puck.
7:17 of 3rd period - Wrist shot by Nino Niederreiter.
7:17 of 3rd period - Stopped by Martin Jones with a rebound.
7:19 of 3rd period - Snap shot by Tyler Johnson.
7:19 of 3rd period - Shot Misses the Net.
8:03 of 3rd period - Ben Hutton is hit by Michael Frolik and loses puck.
8:34 of 3rd period - Wrist shot by Jamie Arniel.
8:34 of 3rd period - Shot Misses the Net.
8:36 of 3rd period - Snap shot by Brian Ferlin.
8:36 of 3rd period - Stopped by Martin Jones with a rebound.
8:48 of 3rd period - Wrist shot by Joe Pavelski.
8:48 of 3rd period - Shot Misses the Net.
8:50 of 3rd period - Wrist shot by Logan Couture.
8:50 of 3rd period - Shot Misses the Net.
8:52 of 3rd period - Snap shot by Hampus Lindholm.
8:52 of 3rd period - Shot Misses the Net.
8:54 of 3rd period - Slapshot by Kevin Shattenkirk.
8:54 of 3rd period - Shot Misses the Net.
9:06 of 3rd period - Mark Stuart is hit by Hampus Lindholm and loses puck.
9:23 of 3rd period - Jamie Arniel is hit by Mark Stuart and loses puck.
9:44 of 3rd period - Slapshot by Timo Meier.
9:44 of 3rd period - Stopped by Martin Jones with a rebound.
9:46 of 3rd period - Wrist shot by Joe Pavelski.
9:46 of 3rd period - Goal by Joe Pavelski - Senateurs : 4 - Sabres : 2.
9:47 of 3rd period - Evgeni Malkin wins face-off versus Nick Bjugstad in neutral zone.
9:50 of 3rd period - Slapshot by Hampus Lindholm.
9:50 of 3rd period - Shot Blocked by Derick Brassard.
10:24 of 3rd period - Timo Meier is hit by Jordan Martinook.
11:00 of 3rd period - Slapshot by Nikita Zaitsev.
11:00 of 3rd period - Shot Blocked by Tomas Nosek.
11:02 of 3rd period - Snap shot by Jamie Arniel.
11:02 of 3rd period - Goal by Jamie Arniel - Senateurs : 4 - Sabres : 3.
11:03 of 3rd period - Evgeni Malkin wins face-off versus Nick Bjugstad in neutral zone.
11:16 of 3rd period - Wrist shot by Tyler Johnson.
11:16 of 3rd period - Stopped by Martin Jones without a rebound.
11:17 of 3rd period - Evgeni Malkin wins face-off versus Derick Brassard in Senateurs zone.
12:57 of 3rd period - Minor Penalty to Tim Schaller for Hooking.
12:58 of 3rd period - Evgeni Malkin wins face-off versus Nick Bjugstad in Senateurs zone.
13:52 of 3rd period - Derick Brassard is hit by Sam Gagner and loses puck.
14:03 of 3rd period - Wrist shot by Sam Gagner.
14:03 of 3rd period - Deflect By Nick Bjugstad.
14:03 of 3rd period - Shot Blocked by Nick Bjugstad.
14:03 of 3rd period - Puck is out of play.
14:04 of 3rd period - Brandon Sutter wins face-off versus Tyler Johnson in Senateurs zone.
14:21 of 3rd period - Snap shot by Tyler Johnson.
14:21 of 3rd period - Shot Misses the Net.
14:57 of 3rd period - Penalty to Tim Schaller is over, Tim Schaller is back on ice.
15:19 of 3rd period - Minor Penalty to Drew Miller for Hooking.
15:20 of 3rd period - Nick Bjugstad wins face-off versus Jamie Arniel in Sabres zone.
15:32 of 3rd period - Slapshot by Ladislav Smid.
15:32 of 3rd period - Stopped by Cam Talbot with a rebound.
15:34 of 3rd period - Wrist shot by Derick Brassard.
15:34 of 3rd period - Stopped by Cam Talbot without a rebound.
15:35 of 3rd period - Jamie Arniel wins face-off versus David Backes in Sabres zone.
15:35 of 3rd period - Jamie Arniel is hit by Nick Bjugstad.
16:06 of 3rd period - Wrist shot by Michael Frolik.
16:06 of 3rd period - Shot Blocked by Kevin Shattenkirk.
16:08 of 3rd period - Wrist shot by Michael Frolik.
16:08 of 3rd period - Shot Misses the Net.
16:10 of 3rd period - Slapshot by Jordan Martinook.
16:10 of 3rd period - Stopped by Cam Talbot without a rebound.
16:11 of 3rd period - Brandon Sutter wins face-off versus William Karlsson in Sabres zone.
17:19 of 3rd period - Penalty to Drew Miller is over, Drew Miller is back on ice.
17:25 of 3rd period - Kevin Shattenkirk is hit by Eric Gelinas and loses puck.
18:19 of 3rd period - Slapshot by Timo Meier.
18:19 of 3rd period - Shot Hit the Post.
18:45 of 3rd period - Sabres, Cam Talbot is pulled from the net.
18:45 of 3rd period - Snap shot by Nate Schmidt.
18:45 of 3rd period - Shot Blocked by Nick Bjugstad.
19:54 of 3rd period - Wrist shot by Nino Niederreiter.
19:54 of 3rd period - Shot Blocked by Nick Bjugstad.
19:56 of 3rd period - Slapshot by Ben Hutton.
19:56 of 3rd period - Deflect By Mark Stuart.
19:56 of 3rd period - Stopped by Martin Jones without a rebound.
19:57 of 3rd period - Randy Carlyle call a timeout for Sabres.
19:57 of 3rd period - Nick Bjugstad wins face-off versus Evgeni Malkin in Senateurs zone.
Goals for this period are 2 for Senateurs vs 2 for Sabres.
Shots for this period are 11 for Senateurs vs 11 for Sabres.